 Dungeon Crawl Stone Soup version 0.13.1-2-gfb2c2b7 (webtiles) character file.

446 Lilouch the Prestidigitator (level 6, -3/47 HPs)
             Began as a Demonspawn Chaos Knight on Dec 7, 2013.
             Was a Plaything of Xom.
             Slain by a phantom (5 damage)
             ... on Level 4 of the Dungeon.
             The game lasted 00:12:35 (3201 turns).

Lilouch the Prestidigitator (DsCK)                  Turns: 3201, Time: 00:12:40

HP  -3/47        AC  5     Str 14      XL: 6   Next: 18%
MP  26/26        EV 11     Int 13      God: Xom
Gold 136         SH  0     Dex 13      Spells:  0 memorised,  5 levels left

Res.Fire  : . . .   See Invis. : .   j - +0 spear (chaos) {=f}
Res.Cold  : . . .   Warding    : .   b - +2 leather armour
Life Prot.: . . .   Conserve   : .   (no shield)
Res.Poison: .       Res.Corr.  : .   (no helmet)
Res.Elec. : .       Clarity    : .   (no cloak)
Sust.Abil.: . .     Spirit.Shd : .   (no gloves)
Res.Mut.  : .       Stasis     : .   (no boots)
Res.Rott. : .       Flight     : .   (no amulet)
Saprovore : . . .                    (no ring)
                                     k - ring of magical power

@: quite poisoned, slightly resistant to hostile enchantments, very unstealthy
A: powered by death 1
a: Renounce Religion


You were on level 4 of the Dungeon.
You worshipped Xom.
You were a beloved toy of Xom.
You were very hungry.

You visited 1 branch of the dungeon, and saw 4 of its levels.

You collected 116 gold pieces.

Inventory:

Hand weapons
 a - a +0,+4 elven short sword of venom
 j - a +0,+0 spear of chaos (weapon) {=f}
Missiles
 q - 8 curare-tipped needles
Armour
 b - a +2 leather armour (worn)
Magical devices
 x - a wand of digging (7) {unknown}
Comestibles
 c - 2 bread rations
 f - 7 strawberries
 h - a lychee
 o - a pear
 s - 2 apples
Scrolls
 g - a scroll of identify {unknown}
 i - a scroll of teleportation {unknown}
 m - a scroll of remove curse
 n - 2 scrolls of enchant armour {unknown}
 w - a scroll of curse jewellery {unknown}
Jewellery
 k - a ring of magical power (left hand)
Potions
 d - 2 potions of magic {unknown}
 e - a potion of heal wounds {unknown}
 p - a potion of berserk rage {unknown}
 r - a potion of curing {unknown}
 t - a potion of poison {unknown}
 u - a potion of confusion {unknown}
 v - a potion of speed {unknown}


   Skills:
 + Level 4.0 Fighting
 + Level 3.3 Polearms
 + Level 2.9 Armour
 + Level 2.0 Dodging
 - Level 11.9 Evocations


You had 5 spell levels left.
You didn't know any spells.

Dungeon Overview and Level Annotations

Branches:
Dungeon (4/27)
 Temple: D:4-7

Altars:


Innate Abilities, Weirdness & Mutations

You can steal the life force of nearby defeated enemies.


Message History

The phantom completely misses you. It bites you.
The gnoll hits you from afar with a spear.
* * * LOW HITPOINT WARNING * * *
The adder completely misses you.
You hit it but do no damage.
* * * LOW HITPOINT WARNING * * *
You feel sick. The phantom barely misses you. It bites you.
* * * LOW HITPOINT WARNING * * *
You are more poisoned.
It poisons you! The adder barely misses you.
The gnoll hits you from afar with a spear.
* * * LOW HITPOINT WARNING * * *
You closely miss it.
* * * LOW HITPOINT WARNING * * *
You feel sick. It bites you.
* * * LOW HITPOINT WARNING * * *
You are more poisoned.
It poisons you! The adder bites you but does no damage. The phantom hits you.
You die...
Xom is highly amused!

# .# .# .#
#######.#
...g.#.#
.g...###.##
##.S...(..#
#..@p#
#..### #..#
#..# #..#
#..# #..#
.... ....


You could see a phantom, 2 gnolls and an adder.

Vanquished Creatures
  An ogre (D:2)
  4 adders
  2 giant mites (D:3)
  A worm (D:3)
  A giant gecko (D:1)
  An ooze (D:2)
  3 orcs (D:3)
  4 ball pythons
  8 hobgoblins
  A quokka (D:3)
  9 bats
  4 giant cockroaches
  2 giant newts
  5 goblins
  11 kobolds
  7 rats
64 creatures vanquished.

Notes
Turn   | Place    | Note
--------------------------------------------------------------
     0 | D:1      | Lilouch, the Demonspawn Chaos Knight, began the quest for the Orb.
     0 | D:1      | Reached XP level 1. HP: 16/16 MP: 1/1
    15 | D:1      | Reached skill level 1 in Dodging
   270 | D:1      | Gained mutation: You can steal the life force of nearby defeated enemies. [demonic ancestry]
   270 | D:1      | Reached XP level 2. HP: 22/22 MP: 2/2
   664 | D:1      | XOM: mild Conj miscast
   885 | D:2      | Noticed an ogre
   885 | D:2      | a worm changed into an ogre
   885 | D:2      | XOM: polymorph worm -> ogre
   888 | D:2      | XOM: swap monsters
  1073 | D:3      | XOM: medium Trmt miscast
  1145 | D:3      | XOM: 1-stop teleportation journey
  1209 | D:3      | XOM: inner flame monster(s)
  1249 | D:3      | Reached XP level 3. HP: 14/28 MP: 3/3
  2047 | D:3      | Reached XP level 4. HP: 17/34 MP: 4/4
  2289 | D:2      | XOM: divination: detect creatures
  2308 | D:2      | XOM: swap weapons
  2761 | D:2      | XOM: potion effect (experience)
  2761 | D:2      | Reached skill level 11 in Evocations
  2761 | D:2      | Reached XP level 5. HP: 38/40 MP: 7/14
  2769 | D:2      | Killed an ogre
  2769 | D:2      | Reached XP level 6. HP: 34/47 MP: 9/17
  3201 | D:4      | HP: 2/47 [something (3)]
  3201 | D:4      | Slain by a phantom

Action                   |  1- 3 |  4- 6 || total
-------------------------+-------+-------++-------
Melee: Spear             |   105 |    89 ||   194
       Whip              |   154 |       ||   154
       Short sword       |       |     6 ||     6
  Use: Scroll            |     2 |       ||     2
 Stab: Paralysed         |     2 |     2 ||     4
